 Dungeon Crawl Stone Soup version 0.31.0-11-ge490571c62 (webtiles) character file.

Game seed: 16885268684547119632

135 qw the Shooter (level 4, -5/23 HPs)
             Began as a Spriggan Hunter on Feb 4, 2024.
             Killed by nerve-wracking pain
             ... invoked by an orc priest
              (12 damage)
             ... on level 3 of the Dungeon.
             The game lasted 00:00:06 (1676 turns).

qw the Shooter (Spriggan Hunter)                    Turns: 1676, Time: 00:00:07

Health: -5/23      AC:  2    Str:  7    XL:     4   Next: 96%
Magic:  5/5        EV: 20    Int: 10    God:
Gold:   60         SH:  0    Dex: 20    Spells: 3/3 levels left

rFire   . . .        a - +1 shortbow (flame)
rCold   . . .        (shield currently unavailable)
rNeg    . . .        c - +0 robe
rPois   .            (helmet restricted)
rElec   .            (no cloak)
rCorr   .            (gloves unavailable)
SInv    +            (boots unavailable)
Will    .....        g - amulet of regeneration
Stlth   ++           (no ring)
HPRegen 1.03/turn    (no ring)
MPRegen 0.09/turn

%: no passive effects
@: very quick
A: very small, no large weapons, unfitting armour, see invisible, speed 3
a: no special abilities


You were on level 3 of the Dungeon.
You visited 1 branch of the dungeon, and saw 3 of its levels.

You collected 137 gold pieces.
You spent 77 gold pieces at shops.


Innate Abilities, Weirdness & Mutations

You are very small and have problems with some larger weapons.
You are too small for most types of armour.
You have supernaturally acute eyesight. (SInv)
You cover ground extremely quickly. (Speed+++)


   Skills:
 - Level 2.2 Fighting
 + Level 5.0 Ranged Weapons
 - Level 5.0 Dodging
 - Level 1.5 Stealth


You had 3 spell levels left.
You didn't know any spells.
Your spell library was empty.

Inventory:

Hand Weapons
 a - a +1 shortbow of flaming (weapon)
Armour
 c - a +0 robe (worn)
Jewellery
 g - an amulet of regeneration (around neck)
Potions
 d - a potion of mutation
 e - a potion of resistance {unknown}
 f - a potion of ambrosia {unknown}
 j - a potion of enlightenment {unknown}
 l - a potion of heal wounds {unknown}

Dungeon Overview and Level Annotations

Branches:
Dungeon (3/15)

Altars:
Trog

Shops:
D:2 *


Message History

The orc wizard points at you and mumbles some strange words.
You are confused.
1666 ||| DRINKING potion of curing.
You feel better.
1666 ||| (to cure confusion)
The orc wizard gestures at you while chanting.
You are confused.
The orc wizard gestures at you while chanting.
The puff of flame misses you.
The orc wizard hits you with a +0 dagger.
An orc priest comes into view. It is wielding a +0 heavy flail.
The orc wizard casts a spell at you. The puff of flame hits you!
The orc priest looks encouraged for a moment.
You feel less confused.
The orc wizard hits you with a +0 dagger.
You shoot an arrow. The arrow misses the orc wizard.
The orc wizard hits you with a +0 dagger.
You shoot an arrow. The arrow hits the orc wizard.
The arrow burns the orc wizard.
The orc wizard is severely wounded.
The orc wizard gestures at you while chanting.
You easily resist.
The orc priest mumbles some strange prayers to Beogh against you.
Beogh smites you!
The orc wizard casts a spell.
The orc wizard flickers and vanishes for a moment.
You shoot an arrow. The arrow barely misses the orc wizard.
The arrow completely misses the orc priest.
The orc wizard completely misses you.
You shoot an arrow. The arrow hits the orc wizard.
The arrow burns the orc wizard.
You kill the orc wizard!
Your Fighting skill increases to level 2!
You shoot an arrow. The arrow hits the orc priest.
The arrow burns the orc priest.
The orc priest is moderately wounded.
The orc priest invokes the aid of Beogh against you.
Pain shoots through your body!
Ouch! That really hurt!
You die...

##### ..... ......
...... ### #)...?.
#####.####### ......?
#...#.......##....)..
#.#.#.#......@)o.)...
#.#...#........##+#.#
#.#####.......## #.#
#.......## #.#
#........#
#.##########.[.####.
####..>................
#..............).......
#.#####.#######...####


You could see an orc priest.

Vanquished Creatures
  An orc wizard (D:3)
  2 adders
  2 ufetubi (D:3)
  2 dart slugs (D:1)
  2 ribbon worms
  5 orcs (D:3)
  4 ball pythons
  9 bats
  6 endoplasms
  3 giant cockroaches (D:1)
  5 goblins
  9 hobgoblins
  A quokka (D:1)
  6 frilled lizards
  4 kobolds (D:1)
  4 rats
65 creatures vanquished.

Notes
Turn   | Place    | Note
-------+----------+-------------------------------------------
     0 | D:1      | qw the Spriggan Hunter began the quest for the Orb.
     0 | D:1      | Reached XP level 1. HP: 10/10 MP: 2/2
     0 | D:1      | 0 ||| qw: Version: 0.3-a-160-g6735b56
     0 | D:1      | 0 ||| qw: Game counter: 5300
     0 | D:1      | 0 ||| qw: Melee chars always use a shield: true
     0 | D:1      | 0 ||| qw: God list: Okawaru
     0 | D:1      | 0 ||| qw: Allow faded altars: false
     0 | D:1      | 0 ||| qw: Do Orc after clearing Dungeon:15 true
     0 | D:1      | 0 ||| qw: Do second Lair branch before Depths: true
     0 | D:1      | 0 ||| qw: Lair rune preference: random
     0 | D:1      | 0 ||| qw: Goals: Normal
     0 | D:1      | 0 ||| PLANNING D:1-11
    66 | D:1      | Reached skill level 3 in Dodging
   145 | D:1      | Reached XP level 2. HP: 14/14 MP: 3/3
   383 | D:1      | Reached XP level 3. HP: 18/18 MP: 4/4
   723 | D:1      | 723 ||| UPGRADING to amulet of regeneration.
   728 | D:1      | 728 ||| DROPPING ring of wizardry.
   729 | D:1      | 729 ||| READING scroll labelled CALERPHAUFIM.
   730 | D:1      | 730 ||| READING scroll labelled VUASME OW QURO.
   730 | D:1      | 730 ||| ENCHANTING +0 shortbow.
   731 | D:1      | 731 ||| READING scroll labelled SOYSTR HEAQUN.
   731 | D:1      | 731 ||| BRANDING +1 shortbow.
   732 | D:1      | 732 ||| READING scroll labelled UBUNKIDGHINI.
   732 | D:1      | 732 ||| ENCHANTING +1 shortbow of flaming.
   733 | D:1      | 733 ||| DROPPING scroll of butterflies.
   949 | D:2      | Found a bloodstained altar of Trog.
  1052 | D:2      | Found Xizab's General Store.
  1064 | D:2      | 1064 ||| SHOPLISTING +5 orcbow (335 gold, have 122).
  1064 | D:2      | 1064 ||| BUYING potion of curing (33 gold).
  1064 | D:2      | Bought a potion of curing for 33 gold pieces
  1064 | D:2      | 1064 ||| BUYING scroll of identify (22 gold).
  1064 | D:2      | Bought a scroll of identify for 22 gold pieces
  1064 | D:2      | 1064 ||| BUYING scroll of identify (22 gold).
  1064 | D:2      | Bought a scroll of identify for 22 gold pieces
  1064 | D:2      | 1064 ||| SHOPLISTING wand of flame (9) (69 gold, have 45).
  1081 | D:2      | Reached XP level 4. HP: 22/22 MP: 5/5
  1534 | D:2      | 1534 ||| READING 2 scrolls of identify.
  1534 | D:2      | 1534 ||| IDENTIFYING amethyst potion
  1535 | D:2      | 1535 ||| READING scroll of identify.
  1535 | D:2      | 1535 ||| IDENTIFYING dark potion
  1536 | D:2      | 1536 ||| READING scroll labelled MEORUN KAIPT.
  1537 | D:2      | 1537 ||| READING scroll labelled WUONWE LUKEPO.
  1542 | D:2      | 1542 ||| DROPPING potion of attraction.
  1600 | D:3      | 1600 ||| FLEEEEING.
  1601 | D:3      | 1601 ||| FLEEEEING.
  1606 | D:3      | 1606 ||| FLEEEEING.
  1607 | D:3      | 1607 ||| FLEEEEING.
  1608 | D:3      | 1608 ||| FLEEEEING.
  1609 | D:3      | 1609 ||| FLEEEEING.
  1610 | D:3      | 1610 ||| FLEEEEING.
  1611 | D:3      | 1611 ||| FLEEEEING.
  1612 | D:3      | 1612 ||| FLEEEEING.
  1613 | D:3      | 1613 ||| FLEEEEING.
  1614 | D:3      | 1614 ||| FLEEEEING.
  1615 | D:3      | 1615 ||| FLEEEEING.
  1616 | D:3      | 1616 ||| FLEEEEING.
  1617 | D:3      | 1617 ||| FLEEEEING.
  1618 | D:3      | 1618 ||| FLEEEEING.
  1666 | D:3      | 1666 ||| DRINKING potion of curing.
  1666 | D:3      | 1666 ||| (to cure confusion)
  1673 | D:3      | HP: 3/23 [orc priest/divine providence (11)]
  1676 | D:3      | Killed from afar by an orc priest

Levels and vault maps discovered:
D:1:      heliophobic_arrival_enchanted_forest, layout_loops_ring
D:2:      layout_basic, serial_forest, infiniplex_forest_clump_diagonal,
          infiniplex_forest_lined_room_2, infiniplex_forest_end_2,
          infiniplex_forest_clump_C, infiniplex_forest_end_2,
          infiniplex_forest_end_1, infiniplex_forest_straight_2,
          infiniplex_forest_lined_room_, basic_altar, serial_shops,
          nicolae_shop_waterfront
D:3:      layout_basic

Skill      XL: |  1  2  3  4 |
---------------+-------------+-----
Dodging        | 3 4 5 |  5.0
Ranged Weapons | 5 |  5.0
Fighting       | 2 |  2.2
Stealth        | |  1.5

Action                     |  1- 3 |  4- 6 || total
---------------------------+-------+-------++-------
   Fire: Shortbow          |   118 |    47 ||   165
    Use: Scroll            |     4 |     4 ||     8
         Potion            |       |     1 ||     1
 Armour: Robe              |     9 |     8 ||    17
  Dodge: Dodged            |    23 |    10 ||    33

Table legend:
 A = Non-vault XP
 B = Vault XP
 C = Vault XP percentage of total XP
 D = Non-vault monster count
 E = Vault monster count
 F = Vault count percentage of total count
                 A         B        C        D         E       F
            +---------+---------+-------+---------+---------+-------
      Total |     193 |       0 |   0.0 |      65 |       0 |   0.0
            +---------+---------+-------+---------+---------+-------
        D:1 |      57 |       0 |   0.0 |      32 |       0 |   0.0
        D:2 |      48 |       0 |   0.0 |      20 |       0 |   0.0
        D:3 |      88 |       0 |   0.0 |      13 |       0 |   0.0
            +---------+---------+-------+---------+---------+-------
